TOP OF THE 1ST |
Little Rock Lemmiwinks batting - Pitching for Manhatten Meatheads : RHP Ramón Caro
|
Pitching: RHP Ramón Caro
|
|
Batting: RHB Álex Martínez
|
0-0: Called Strike 0-1: Ground out U3 (Groundball, 34S)
|
Batting: LHB Manny Robles
|
0-0: Ball 1-0: Called Strike 1-1: Ball 2-1: Called Strike 2-2: Ground out 1-3 (Groundball, P)
|
Batting: RHB Kokaji Ridha
|
0-0: Ball 1-0: Ball 2-0: Ball 3-0: Foul Ball, location: 2F 3-1: Foul Ball, location: 2F 3-2: Strikes out looking
|
Top of the 1st over - 0 runs, 0 hits, 0 errors, 0 left on base; Little Rock 0 - Manhatten 0 |
BOTTOM OF THE 1ST |
Manhatten Meatheads batting - Pitching for Little Rock Lemmiwinks : RHP Greg Yager
|
Pitching: RHP Greg Yager
|
|
Batting: LHB Wayne Rogers
|
0-0: Called Strike 0-1: Ball 1-1: Ball 2-1: Ball 3-1: Base on Balls
|
Batting: RHB Ron McClain
|
0-0: Ball 1-0: Foul Ball, location: 2F 1-1: Swinging Strike 1-2: Strikes out swinging
|
Batting: RHB António Vargas
|
0-0: Called Strike 0-1: Called Strike 0-2: Ball 1-2: DOUBLE (Line Drive, 78D) Wayne Rogers to third
|
Batting: LHB Geoff May
|
0-0: Swinging Strike 0-1: Ground out U3 (Groundball, 3)
|
Batting: RHB Paul French
|
0-0: Ball 1-0: Called Strike 1-1: Foul Ball, location: 2F 1-2: Ball 2-2: Ground out 5-3 (Groundball, 56)
|
Bottom of the 1st over - 0 runs, 1 hit, 0 errors, 2 left on base; Little Rock 0 - Manhatten 0 |
TOP OF THE 2ND |
Little Rock Lemmiwinks batting - Pitching for Manhatten Meatheads : RHP Ramón Caro
|
Batting: RHB Roberto Valdéz
|
0-0: Swinging Strike 0-1: Called Strike 0-2: Strikes out looking
|
Batting: LHB Greg MacCanish
|
0-0: Called Strike 0-1: Called Strike 0-2: Foul Ball, location: 2F 0-2: Foul Ball, location: 2F 0-2: Foul Ball, location: 2F 0-2: Ball 1-2: Foul Ball, location: 2F 1-2: DOUBLE (Line Drive, 9LM)
|
Batting: RHB Ánibal Soto
|
0-0: Called Strike 0-1: Ball 1-1: SINGLE (Line Drive, 78S) Greg MacCanish to third
|
Batting: RHB Germán Vargas
|
0-0: Called Strike 0-1: Ball 1-1: Foul Ball, location: 2F 1-2: Ball 2-2: Foul Ball, location: 2F 2-2: Strikes out looking
|
Batting: RHB José Rodríguez
|
0-0: Foul Ball, location: 2F 0-1: Called Strike 0-2: Ball 1-2: Foul Ball, location: 2F 1-2: Ball 2-2: Ball 3-2: Strikes out swinging
|
Top of the 2nd over - 0 runs, 2 hits, 0 errors, 2 left on base; Little Rock 0 - Manhatten 0 |
BOTTOM OF THE 2ND |
Manhatten Meatheads batting - Pitching for Little Rock Lemmiwinks : RHP Greg Yager
|
Batting: RHB Louis-Alexandre Lévesque
|
0-0: Ball 1-0: Ball 2-0: Foul Ball, location: 2F 2-1: Swinging Strike 2-2: Strikes out swinging
|
Batting: RHB Wayne Hanson
|
0-0: Ball 1-0: Ball 2-0: SINGLE (Line Drive, 7LS)
|
Batting: LHB Justin Tubridy
|
0-0: Called Strike 0-1: Ball Wayne Hanson steals 2nd base 1-1: Ball 2-1: Foul Ball, location: 2F 2-2: Ball 3-2: Fly out, F6 (Popup, 6M)
|
Batting: RHB Ed Gaston
|
0-0: Fly out, F3 (Line Drive, 34)
|
Bottom of the 2nd over - 0 runs, 1 hit, 0 errors, 1 left on base; Little Rock 0 - Manhatten 0 |
TOP OF THE 3RD |
Little Rock Lemmiwinks batting - Pitching for Manhatten Meatheads : RHP Ramón Caro
|
Batting: RHB Norberto Gallardo
|
0-0: Ball 1-0: Called Strike 1-1: Ground out 5-3 (Groundball, 5)
|
Batting: RHB Álex Martínez
|
0-0: Called Strike 0-1: Foul Ball, location: 2F 0-2: SINGLE (Groundball, 34D)
|
Batting: LHB Manny Robles
|
0-0: Ball Álex Martínez steals 2nd base 1-0: Swinging Strike 1-1: Foul Ball, location: 2F 1-2: Foul Ball, location: 2F 1-2: Strikes out swinging
|
Batting: RHB Kokaji Ridha
|
0-0: Swinging Strike 0-1: Ball 1-1: Foul Ball, location: 2F 1-2: Foul Ball, location: 2F 1-2: Foul Ball, location: 2F 1-2: Strikes out swinging
|
Top of the 3rd over - 0 runs, 1 hit, 0 errors, 1 left on base; Little Rock 0 - Manhatten 0 |
BOTTOM OF THE 3RD |
Manhatten Meatheads batting - Pitching for Little Rock Lemmiwinks : RHP Greg Yager
|
Batting: LHB Wayne Rogers
|
0-0: Foul Ball, location: 2F 0-1: Ground out 4-3 (Groundball, 4D)
|
Batting: RHB Ron McClain
|
0-0: Fly out, F9 (Flyball, 89D)
|
Batting: RHB António Vargas
|
0-0: Swinging Strike 0-1: Ball 1-1: Ball 2-1: Called Strike 2-2: Strikes out swinging
|
Bottom of the 3rd over - 0 runs, 0 hits, 0 errors, 0 left on base; Little Rock 0 - Manhatten 0 |
TOP OF THE 4TH |
Little Rock Lemmiwinks batting - Pitching for Manhatten Meatheads : RHP Ramón Caro
|
Batting: RHB Roberto Valdéz
|
0-0: Called Strike 0-1: Foul Ball, location: 2F 0-2: Ball 1-2: Ball 2-2: Foul Ball, location: 2F 2-2: Strikes out looking
|
Batting: LHB Greg MacCanish
|
0-0: Ball 1-0: DOUBLE (Flyball, 8RXD)
|
Batting: RHB Ánibal Soto
|
0-0: Ball 1-0: 2-RUN HOME RUN (Flyball, 7LD), Distance : 362 ft
|
Batting: RHB Germán Vargas
|
0-0: Ball 1-0: Ground out 4-3 (Groundball, 4)
|
Batting: RHB José Rodríguez
|
0-0: Ball 1-0: Called Strike 1-1: Ball 2-1: Foul Ball, location: 2F 2-2: Ball 3-2: Ground out 5-3 (Groundball, 56S)
|
Top of the 4th over - 2 runs, 2 hits, 0 errors, 0 left on base; Little Rock 2 - Manhatten 0 |
BOTTOM OF THE 4TH |
Manhatten Meatheads batting - Pitching for Little Rock Lemmiwinks : RHP Greg Yager
|
Batting: LHB Geoff May
|
0-0: Ball 1-0: Ball 2-0: Ball 3-0: Base on Balls
|
Batting: RHB Paul French
|
0-0: Called Strike 0-1: Swinging Strike 0-2: SINGLE (Groundball, 6MD) Geoff May to second
|
Batting: RHB Louis-Alexandre Lévesque
|
0-0: Called Strike 0-1: Ball 1-1: Ball 2-1: Foul Ball, location: 2F 2-2: Foul Ball, location: 2F 2-2: Fly out, F7 (Flyball, 78S)
|
Batting: RHB Wayne Hanson
|
0-0: SINGLE (Line Drive, 9LS) Geoff May to third Paul French to second Runner from 3rd tries for Home, throw and OUT! Paul French to third Wayne Hanson to second
|
Batting: LHB Justin Tubridy
|
0-0: Ball 1-0: Swinging Strike 1-1: Ball 2-1: Ball 3-1: Swinging Strike 3-2: Strikes out swinging
|
Bottom of the 4th over - 0 runs, 2 hits, 0 errors, 2 left on base; Little Rock 2 - Manhatten 0 |
TOP OF THE 5TH |
Little Rock Lemmiwinks batting - Pitching for Manhatten Meatheads : RHP Ramón Caro
|
Batting: RHB Norberto Gallardo
|
0-0: Ball 1-0: Ball 2-0: Ball 3-0: Base on Balls
|
Batting: RHB Álex Martínez
|
0-0: Called Strike 0-1: Swinging Strike 0-2: Ball 1-2: Strikes out swinging
|
Batting: LHB Manny Robles
|
0-0: Ball 1-0: Called Strike 1-1: Foul Ball, location: 2F 1-2: Strikes out swinging
|
Batting: RHB Kokaji Ridha
|
0-0: Called Strike 0-1: Ball 1-1: Ball 2-1: Foul Ball, location: 2F 2-2: Foul Ball, location: 2F 2-2: Strikes out swinging, 2-3 out at first.
|
Top of the 5th over - 0 runs, 0 hits, 0 errors, 1 left on base; Little Rock 2 - Manhatten 0 |
BOTTOM OF THE 5TH |
Manhatten Meatheads batting - Pitching for Little Rock Lemmiwinks : RHP Greg Yager
|
Batting: RHB Ed Gaston
|
0-0: Ball 1-0: Ball 2-0: Foul Ball, location: 2F 2-1: Ball 3-1: Base on Balls
|
Batting: LHB Wayne Rogers
|
0-0: Swinging Strike 0-1: Swinging Strike 0-2: Strikes out looking
|
Batting: RHB Ron McClain
|
0-0: Called Strike Ed Gaston is caught stealing 2nd base 0-1: Ball 1-1: Ball 2-1: Called Strike 2-2: Strikes out swinging
|
Bottom of the 5th over - 0 runs, 0 hits, 0 errors, 0 left on base; Little Rock 2 - Manhatten 0 |
TOP OF THE 6TH |
Little Rock Lemmiwinks batting - Pitching for Manhatten Meatheads : RHP Ramón Caro
|
Pitching: RHP Frank Scott
|
|
Batting: RHB Roberto Valdéz
|
0-0: Ball 1-0: Swinging Strike 1-1: Swinging Strike 1-2: Foul Ball, location: 2F 1-2: Ball 2-2: Foul Ball, location: 2F 2-2: Fly out, F7 (Flyball, 7S)
|
Batting: LHB Greg MacCanish
|
0-0: Foul Ball, location: 2F 0-1: Foul Ball, location: 2F 0-2: SINGLE (Line Drive, 9S)
|
Batting: RHB Ánibal Soto
|
0-0: Ball 1-0: Swinging Strike 1-1: Grounds into double play, 4-6-3 (Groundball, 4)
|
Top of the 6th over - 0 runs, 1 hit, 0 errors, 0 left on base; Little Rock 2 - Manhatten 0 |
BOTTOM OF THE 6TH |
Manhatten Meatheads batting - Pitching for Little Rock Lemmiwinks : RHP Greg Yager
|
Batting: RHB António Vargas
|
0-0: SINGLE (Groundball, 6D)
|
Batting: LHB Geoff May
|
0-0: Foul Ball, location: 2F 0-1: Foul Ball, location: 2F 0-2: Fly out, F7 (Flyball, 78M)
|
Batting: RHB Paul French
|
0-0: Called Strike 0-1: Ball António Vargas steals 2nd base 1-1: Ground out 6-3 (Groundball, 6)
|
Batting: RHB Louis-Alexandre Lévesque
|
0-0: Ball 1-0: Called Strike 1-1: Foul Ball, location: 2F 1-2: Strikes out swinging
|
Bottom of the 6th over - 0 runs, 1 hit, 0 errors, 1 left on base; Little Rock 2 - Manhatten 0 |
TOP OF THE 7TH |
Little Rock Lemmiwinks batting - Pitching for Manhatten Meatheads : RHP Frank Scott
|
Batting: RHB Germán Vargas
|
0-0: Called Strike 0-1: Ball 1-1: Foul Ball, location: 2F 1-2: Ball 2-2: Ball 3-2: Foul Ball, location: 2F 3-2: Fly out, F7 (Flyball, 7D)
|
Batting: RHB José Rodríguez
|
0-0: Ball 1-0: Called Strike 1-1: Ball 2-1: Foul Ball, location: 2F 2-2: Strikes out swinging
|
Batting: RHB Norberto Gallardo
|
0-0: Foul Ball, location: 2F 0-1: Called Strike 0-2: SINGLE (Groundball, 6MD)
|
Pitching: LHP Dave Moser
|
|
Batting: RHB Álex Martínez
|
0-0: Ball 1-0: SINGLE (Line Drive, 4D) Norberto Gallardo to second
|
Pinch Hitting: RHB Jack Crossey
|
0-0: Called Strike 0-1: 3-RUN HOME RUN (Flyball, 7D), Distance : 377 ft
|
Batting: RHB Kokaji Ridha
|
0-0: Called Strike 0-1: Called Strike 0-2: Ball 1-2: Strikes out swinging
|
Top of the 7th over - 3 runs, 3 hits, 0 errors, 0 left on base; Little Rock 5 - Manhatten 0 |
BOTTOM OF THE 7TH |
Manhatten Meatheads batting - Pitching for Little Rock Lemmiwinks : RHP Greg Yager
|
Now at 3B: Jack Crossey
|
|
Batting: RHB Wayne Hanson
|
0-0: Ground out 6-3 (Groundball, 6)
|
Batting: LHB Justin Tubridy
|
0-0: Ball 1-0: DOUBLE (Line Drive, 89S)
|
Batting: RHB Ed Gaston
|
0-0: Ball 1-0: Called Strike Justin Tubridy steals 3rd base 1-1: Foul Ball, location: 2F 1-2: Ground out 6-3 (Groundball, 6) Justin Tubridy scores
|
Batting: LHB Wayne Rogers
|
0-0: Called Strike 0-1: Foul Ball, location: 2F 0-2: Ball 1-2: Ball 2-2: Ball 3-2: Foul Ball, location: 2F 3-2: Fly out, F9 (Flyball, 89S)
|
Bottom of the 7th over - 1 run, 1 hit, 0 errors, 0 left on base; Little Rock 5 - Manhatten 1 |
TOP OF THE 8TH |
Little Rock Lemmiwinks batting - Pitching for Manhatten Meatheads : LHP Dave Moser
|
Batting: RHB Roberto Valdéz
|
0-0: SINGLE (Groundball, 4D)
|
Pitching: RHP Carlos Castro
|
|
Batting: LHB Greg MacCanish
|
0-0: Ball 1-0: Fly out, F8 (Flyball, 8LM)
|
Batting: RHB Ánibal Soto
|
0-0: Ball 1-0: Foul Ball, location: 2F 1-1: Grounds into double play, 5-4-3 (Groundball, 56)
|
Top of the 8th over - 0 runs, 1 hit, 0 errors, 0 left on base; Little Rock 5 - Manhatten 1 |
BOTTOM OF THE 8TH |
Manhatten Meatheads batting - Pitching for Little Rock Lemmiwinks : RHP Greg Yager
|
Batting: RHB Ron McClain
|
0-0: Ball 1-0: Ball 2-0: Ball 3-0: Called Strike 3-1: Foul Ball, location: 2F 3-2: Base on Balls
|
Pitching: LHP Rubén López
|
|
Batting: RHB António Vargas
|
0-0: Foul Ball, location: 2F 0-1: Foul Ball, location: 2F 0-2: Ball 1-2: Ball 2-2: Strikes out swinging
|
Batting: LHB Geoff May
|
0-0: Swinging Strike 0-1: Called Strike 0-2: Strikes out swinging
|
Batting: RHB Paul French
|
0-0: Ball 1-0: Hit by Pitch Ron McClain to second
|
Batting: RHB Louis-Alexandre Lévesque
|
0-0: Swinging Strike 0-1: Ball 1-1: Foul Ball, location: 2F 1-2: Strikes out swinging
|
Bottom of the 8th over - 0 runs, 0 hits, 0 errors, 2 left on base; Little Rock 5 - Manhatten 1 |
TOP OF THE 9TH |
Little Rock Lemmiwinks batting - Pitching for Manhatten Meatheads : RHP Carlos Castro
|
Pitching: RHP Doug Acevedo
|
|
Batting: RHB Germán Vargas
|
0-0: Ball 1-0: Ball 2-0: Ball 3-0: Called Strike 3-1: Foul Ball, location: 2F 3-2: Foul Ball, location: 2F 3-2: Strikes out looking
|
Batting: RHB José Rodríguez
|
0-0: Ball 1-0: Swinging Strike 1-1: Ground out 1-3 (Groundball, P)
|
Batting: RHB Norberto Gallardo
|
0-0: Foul Ball, location: 2F 0-1: Fly out, F8 (Flyball, 8LS)
|
Top of the 9th over - 0 runs, 0 hits, 0 errors, 0 left on base; Little Rock 5 - Manhatten 1 |
BOTTOM OF THE 9TH |
Manhatten Meatheads batting - Pitching for Little Rock Lemmiwinks : LHP Rubén López
|
Pitching: RHP José Antonio Peńa
|
|
Batting: RHB Wayne Hanson
|
0-0: Foul Ball, location: 2F 0-1: Ball 1-1: Ground out 5-3 (Groundball, 56)
|
Batting: LHB Justin Tubridy
|
0-0: Ball 1-0: Foul Ball, location: 2F 1-1: Called Strike 1-2: Ground out 4-3 (Groundball, 4)
|
Batting: RHB Ed Gaston
|
0-0: Called Strike 0-1: Called Strike 0-2: Ball 1-2: Strikes out swinging
|
Bottom of the 9th over - 0 runs, 0 hits, 0 errors, 0 left on base; Little Rock 5 - Manhatten 1 |
|